 Dungeon Crawl Stone Soup version 0.22.1-2-g9c5b331 (webtiles) character file.

4543 shamaniam the Grappler (level 10, -2/98 HPs)
             Began as a Troll Transmuter on Dec 3, 2018.
             Was an Initiate of Ru.
             Slain by an ice beast (3 damage)
             ... summoned by Fannar
             ... on level 10 of the Dungeon.
             The game lasted 00:19:47 (8184 turns).

shamaniam the Grappler (Troll Transmuter)           Turns: 8184, Time: 00:19:47

Health: -2/98      AC:  7    Str: 20    XL:     10   Next: 17%
Magic:  15/15      EV: 10    Int: 13    God:    Ru [......]
Gold:   493        SH:  0    Dex: 11    Spells: 7/17 levels left

rFire    . . .     SeeInvis .     - Unarmed
rCold    . . .     Gourm    +   (no shield)
rNeg     . . .     Faith    .   b - +1 robe
rPois    .         Spirit   .   (helmet restricted)
rElec    .         Reflect  .   t - +0 cloak of Divine Compulsion {Int+4 Dex-2 Stlth+} (curse)
rCorr    .         Harm     .   (gloves unavailable)
MR       .....                  (boots unavailable)
Stlth    ++........             (no amulet)
HPRegen  0.66/turn              (no ring)
MPRegen  0.14/turn              (no ring)

@: no status effects
A: large, unfitting armour, claws 3, fast metabolism 3, gourmand, regeneration
1, shaggy fur 1, tough skin 2
a: Renounce Religion


You were on level 10 of the Dungeon.
You worshipped Ru.
Ru was noncommittal.
You were completely stuffed.

You visited 2 branches of the dungeon, and saw 11 of its levels.
You also visited: Ossuary.

You collected 493 gold pieces.

Inventory:

Missiles
 a - 187 arrows
 m - 92 sling bullets
 p - a throwing net (quivered)
 D - 6 large rocks
Armour
 b - a +1 robe (worn)
 t - the cursed +0 cloak of Divine Compulsion (worn) {Int+4 Dex-2 Stlth+}
   (You found it on level 6 of the Dungeon)

   It affects your intelligence (+4).
   It affects your dexterity (-2).
   It makes you more stealthy.
   It has a curse placed upon it.
Jewellery
 o - an uncursed ring of ice
 I - a +5 ring of evasion {unknown}
 J - a cursed amulet of inaccuracy {unknown}
 K - an uncursed ring of wizardry {unknown}
Wands
 f - a wand of flame (28)
 E - a wand of enslavement (10)
 F - a wand of disintegration (15)
 L - a wand of acid (6)
Scrolls
 g - 12 scrolls of teleportation
 n - 3 scrolls of remove curse
 u - a scroll of enchant armour
 w - 2 scrolls of random uselessness {unknown}
 y - 2 scrolls of noise {unknown}
 A - 2 scrolls of immolation {unknown}
 B - 3 scrolls of magic mapping {unknown}
 C - a scroll of enchant weapon
 G - a scroll of identify
 M - a scroll of torment {unknown}
Potions
 c - 8 potions of curing
 e - 3 potions of lignification
 h - a potion of berserk rage
 i - 3 potions of agility
 j - 6 potions of brilliance
 k - a potion of cancellation {unknown}
 l - 3 potions of degeneration {unknown}
 q - a potion of might
 r - 2 potions of heal wounds
 s - 2 potions of invisibility
 v - 2 potions of magic {unknown}
 x - a potion of flight {unknown}
 z - 4 potions of mutation {unknown}
 N - a potion of ambrosia {unknown}
 O - 2 potions of haste {unknown}
Comestibles
 d - 17 rations
 H - 9 chunks of flesh


   Skills:
 + Level 6.1 Fighting
 - Level 2.0 Dodging
 * Level 10.7 Unarmed Combat
 - Level 4.0 Spellcasting
 - Level 4.0 Transmutations


You had 7 spell levels left.
You knew the following spells:

 Your Spells              Type           Power        Failure   Level  Hunger
a - Beastly Appendage     Tmut           ##....       4%          1    None
b - Sticks to Snakes      Tmut           ##......     6%          2    ##.....
c - Blade Hands           Tmut           ##........   73%         5    ######.
d - Swiftness             Chrm/Air       #.......     30%         2    ##.....

Your spell library contained the following spells:

 Spells                   Type           Power        Failure   Level  Hunger
 Shock                    Conj/Air       #...         21%         1    None
 Spider Form              Tmut/Pois      #.........   26%         3    ###....
 Poisonous Vapours        Pois/Air       #.....       30%         2    ##.....
 Conjure Flame            Conj/Fire      #.......     52%         3    ###....
 Mephitic Cloud           Conj/Pois/Air  #.......     52%         3    ###....
 Static Discharge         Conj/Air       #.......     52%         3    ###....
 Ice Form                 Ice/Tmut       #.......     65%         4    ####...
 Airstrike                Air            #.........   90%         4    ####...
 Lightning Bolt           Conj/Air       #.........   99%         5    ######.
 Freezing Cloud           Conj/Ice/Air   #.........   100%        6    #######
 Ring of Flames           Chrm/Fire      #.........   100%        7    #######


Dungeon Overview and Level Annotations

Branches:
Dungeon (10/15)            Temple (1/1) D:6
   Lair: D:8-11         Orc: D:9-12

Altars:
Ashenzari
Cheibriados
Dithmenos
Elyvilon
Fedhas
Gozag
Hepliaklqana
Kikubaaqudgha
Makhleb
Nemelex Xobeh
Okawaru
Qazlal
Ru
Sif Muna
Trog
Uskayaw
Vehumet
Wu Jian
Xom
Yredelemnul
Zin
The Shining One

Shops:
D:6 =

Annotations:
D:10 Fannar


Innate Abilities, Weirdness & Mutations

You are too large for most types of armour.
You have claws for hands.
Your metabolism is lightning-fast.
You like to eat raw meat.
Your natural rate of healing is unusually fast.
You are covered in fur. (AC +1)
You have very tough skin. (AC +2)


Message History

The ice beast freezes you!
* * * LOW HITPOINT WARNING * * *
You completely miss Fannar.
Fannar is severely wounded.
Fannar mumbles some strange words.
Fannar drains the heat from the surrounding environment!
You feel very cold.
* * * LOW HITPOINT WARNING * * *
Fannar is frozen.
Fannar resists.
Fannar is severely wounded.
The ice beast closely misses you.
The ice beast hits you but does no damage.
You claw Fannar!
Fannar is almost dead.
The ice beast hits you.
* * * LOW HITPOINT WARNING * * *
The ice beast freezes you!
* * * LOW HITPOINT WARNING * * *
Fannar hits you but does no damage. The ice beast hits you.
You die...

..####.##....#..### <##
#.#..#####...# .#
#...###.<..#....... ##
##..###....# ##.... .#
#####..##....# ...
.###......##....# ....
.....####.##....###..#
....## ##..#....#e..#
..#.## #........@Y#
..#..###.###...Y.Y..#
..##.....###............
#####.>....#............
###.....####.........
##....................
#..###...#..<.........
#.###........>........
##.##.....#......


You could see Fannar and 3 ice beasts.

Vanquished Creatures
  Prince Ribbit (D:7)
  5 yaks (D:9)
  A wyvern (D:9)
  An orc warrior (D:9)
  A black bear (D:6)
  An ice beast (D:4)
  2 sky beasts
  5 ogres
  2 phantoms
  2 centaurs (D:10)
  A crocodile (D:10)
  A big kobold (D:8)
  6 bullfrogs
  5 scorpions
  The ghost of shamaniam the Skirmisher, a weakling TrFi (D:3)
  5 wights (D:7)
  3 howler monkeys
  3 crimson imps
  2 quasits
  A centaur zombie (Ossuary)
  2 orc priests
  2 centaur skeletons
  2 hounds
  A bullfrog skeleton (D:4)
  5 orc wizards
  3 iguanas
  3 worker ants
  4 mummies (Ossuary)
  8 gnolls
  11 adders
  2 shadow imps
  An adder zombie (D:5)
  2 adder skeletons
  2 worms
  11 dart slugs (D:3)
  6 leopard geckos
  21 orcs
  2 bats
  5 giant cockroaches
  A goblin (D:1)
  4 hobgoblins
  15 jackals
  14 kobolds
  4 quokkas
  2 ball pythons
  5 frilled lizards
  2 gnoll zombies (Ossuary)
  A jackal skeleton (D:7)
  A kobold zombie (Ossuary)
  A leopard gecko skeleton (D:5)
  A leopard gecko zombie (D:6)
  4 orc zombies (Ossuary)
  6 rats
203 creatures vanquished.

Notes
Turn   | Place    | Note
-------+----------+-------------------------------------------
     0 | D:1      | shamaniam the Troll Transmuter began the quest for the Orb.
     0 | D:1      | Reached XP level 1. HP: 18/18 MP: 1/1
   644 | D:1      | Found an iron altar of Okawaru.
   646 | D:1      | Found a sacrificial altar of Ru.
   646 | D:1      | Found a glowing golden altar of the Shining One.
   648 | D:1      | Found a hazy altar of Hepliaklqana.
   648 | D:1      | Found a shimmering altar of Xom.
   648 | D:1      | Found an opulent altar of Gozag.
   650 | D:1      | Reached skill level 1 in Fighting
   652 | D:1      | Reached XP level 2. HP: 26/27 MP: 3/3
   882 | D:2      | Reached XP level 3. HP: 33/33 MP: 4/4
  1396 | D:3      | Reached XP level 4. HP: 38/41 MP: 5/5
  1501 | D:3      | Reached skill level 4 in Unarmed Combat
  1568 | D:3      | Found a runed door.
  1795 | D:3      | Found a shimmering altar of Xom.
  1997 | D:3      | Reached XP level 5. HP: 44/49 MP: 6/6
  2184 | D:3      | Noticed shamaniam's ghost (weakling TrFi)
  2194 | D:3      | Killed shamaniam's ghost
  2208 | D:3      | Learned a level 2 spell: Sticks to Snakes
  2301 | D:4      | Noticed an ogre
  2305 | D:4      | Reached XP level 6. HP: 53/57 MP: 8/8
  2314 | D:4      | Reached skill level 5 in Unarmed Combat
  2640 | D:4      | Reached XP level 7. HP: 55/66 MP: 9/9
  3040 | D:5      | Entered Level 5 of the Dungeon
  3180 | D:4      | Reached skill level 6 in Unarmed Combat
  3282 | D:5      | Found an ornate altar of the Wu Jian Council.
  3338 | D:5      | Found a blossoming altar of Fedhas.
  3375 | D:5      | Reached XP level 8. HP: 68/75 MP: 11/11
  3599 | D:5      | Learned a level 5 spell: Blade Hands
  3602 | D:5      | Learned a level 2 spell: Swiftness
  3687 | D:6      | Got an ichor-stained cloak
  3693 | D:6      | Identified the cursed +0 cloak of Divine Compulsion {Int+4
                  | Dex-2 Stlth+} (You found it on level 6 of the Dungeon)
  3781 | D:6      | Found Diorr's Jewellery Shoppe.
  3808 | D:6      | Found a sand-covered staircase.
  3813 | D:6      | Found a staircase to the Ecumenical Temple.
  3819 | Ossuary  | Entered an ossuary
  4108 | Temple   | Entered the Ecumenical Temple
  4272 | D:6      | Found a hazy altar of Hepliaklqana.
  4466 | D:6      | Reached skill level 7 in Unarmed Combat
  5120 | D:7      | Found a glowing golden altar of the Shining One.
  5213 | D:7      | Noticed Prince Ribbit
  5335 | D:7      | Killed Prince Ribbit
  5456 | D:7      | Reached skill level 8 in Unarmed Combat
  5605 | D:7      | Found a blossoming altar of Fedhas.
  5658 | D:7      | Reached XP level 9. HP: 78/85 MP: 13/13
  6619 | D:8      | Found a burning altar of Makhleb.
  6661 | D:8      | Reached skill level 9 in Unarmed Combat
  6752 | D:8      | Found a glowing silver altar of Zin.
  6778 | D:9      | Reached skill level 5 in Fighting
  6786 | D:9      | Found a basalt altar of Yredelemnul.
  6846 | D:9      | Reached skill level 10 in Unarmed Combat
  6963 | D:9      | Found a shattered altar of Ashenzari.
  7082 | D:9      | Found a sacrificial altar of Ru.
  7082 | D:9      | Found an ancient bone altar of Kikubaaqudgha.
  7097 | D:9      | Became a worshipper of Ru the Awakened
  7175 | D:9      | Reached XP level 10. HP: 64/98 MP: 15/15
  7596 | D:9      | Found an iron altar of Okawaru.
  7596 | D:9      | Found a bloodstained altar of Trog.
  7871 | D:9      | Found a blossoming altar of Fedhas.
  7930 | D:10     | Entered Level 10 of the Dungeon
  8167 | D:10     | Noticed Fannar
  8184 | D:10     | HP: 1/98 [ice beast[Fannar] (8)]
  8184 | D:10     | Slain by an ice beast

Skill      XL: |  1  2  3  4  5  6  7  8  9 10 |
---------------+-------------------------------+-----
Fighting       | 1 2 3 4 5 6 |  6.1
Dodging        | 2 |  2.0
Transmutations | 2 3 4 |  4.0
Unarmed Combat | 4 5 6 8 10 | 10.7
Spellcasting   | 2 3 4 |  4.0

Action                   |  1- 3 |  4- 6 |  7- 9 | 10-12 || total
-------------------------+-------+-------+-------+-------++-------
Melee: Unarmed           |    89 |   112 |   381 |    83 ||   665
       Punch             |     1 |     2 |     8 |     5 ||    16
       Kick              |       |       |     1 |       ||     1
Throw: Throwing net      |       |       |     1 |       ||     1
 Cast: Beastly Appendage |       |       |     5 |       ||     5
       Swiftness         |       |       |     1 |       ||     1
Evoke: Wand              |       |       |       |     3 ||     3
  Use: Scroll            |       |     9 |     2 |       ||    11
 Stab: Sleeping          |       |       |     9 |       ||     9
  Eat: Chunk             |    18 |    12 |    34 |    10 ||    74
       Ration            |       |       |     2 |       ||     2
Armor: Robe              |    25 |    28 |   135 |    30 ||   218
Dodge: Dodged            |    50 |    54 |   198 |    41 ||   343
